AoeStats
← bkg45

Arena

504569124Analyzed
3v3 RM · 27d ago on Sep 5, 2026· 65m 34s· 6 players
Game mode
Random Map
Map size
Normal (6 player)
Population
200
Speed
Normal
Resources
Standard
Victory
Conquest
Starting age
Dark Age
Ending age
Imperial Age
RankedLock teamsTeams togetherTeam positionsShared explorationLock speedFull tech treeHidden civsTurbo modeCheats
Victory
Defeat
🇮🇳 Ethiopians · India
1336
+10
🇮🇳 Persians · India
1134
+18
🇮🇳 Dravidians · India
1087
+19
🇺🇸 Slavs · United States
1276
-20
🇺🇸 Bohemians · United States
1173
-38
🇺🇸 Spanish · United States
1085
-12
-- .- -. .. ... ....
11:37 Feudal Age
9:53 Loom
16:33 Castle Age
16:35 Double-Bit Axe
17:49 Horse Collar
18:24 Bow Saw
18:46 Forging
18:43 Scale Barding Armor
21:11 Heavy Plow
23:32 Iron Casting
24:02 Wheelbarrow
25:14 Husbandry
26:35 Bloodlines
27:42 Chain Barding Armor
31:39 Hand Cart
33:08 Gold Mining
33:09 Stone Mining
39:12 Imperial Age
39:23 Stone Shaft Mining
41:00 Ballistics
40:15 Cavalier
41:58 Blast Furnace
42:08 Chemistry
41:58 Conscription
45:15 Two-Man Saw
44:23 Elite Skirmisher
45:48 Paladin
46:42 Scale Mail Armor
46:42 Padded Archer Armor
46:33 Fletching
47:19 Plate Barding Armor
bpaoe
7:02 Loom
9:56 Feudal Age
13:58 Castle Age
12:28 Double-Bit Axe
26:16 Horse Collar
27:22 Fervor
27:30 Bow Saw
31:43 Sanctity
43:23 Redemption
48:45 Wheelbarrow
47:56 Town Watch
51:32 Imperial Age
50:45 Elite Skirmisher
53:18 Chemistry
52:25 Fletching
52:36 Padded Archer Armor
53:04 Bodkin Arrow
53:38 Ballistics
53:37 Leather Archer Armor
53:45 Bracer
54:57 Ring Archer Armor
56:15 Conscription
bkg45
10:56 Feudal Age
11:50 Double-Bit Axe
14:34 Castle Age
12:28 Horse Collar
15:30 Bow Saw
15:21 Heavy Plow
16:06 Heavy Plow
20:14 Wheelbarrow
22:50 Loom
23:23 Hand Cart
23:04 Gold Mining
23:05 Stone Mining
24:30 Gold Shaft Mining
24:41 Town Watch
26:00 Scale Barding Armor
26:06 Forging
28:28 Imperial Age
27:05 Chain Barding Armor
28:28 Iron Casting
28:47 Detinets
29:55 Plate Barding Armor
29:43 Conscription
28:45 Elite Boyar
29:56 Bloodlines
29:47 Husbandry
30:51 Blast Furnace
30:08 Capped Ram
31:15 Siege Ram
33:27 Light Cavalry
44:05 Fletching
44:34 Hussar
45:36 Heavy Scorpion
50:12 Bodkin Arrow
51:08 Ballistics
53:06 Coinage
53:29 Druzhina
53:32 Scale Mail Armor
54:32 Pikeman
55:13 Squires
56:00 Murder Holes
56:16 Masonry
cockroach
12:32 Feudal Age
12:51 Loom
17:07 Castle Age
26:55 Bloodlines
30:17 Wheelbarrow
29:41 Double-Bit Axe
32:37 Hand Cart
37:23 Imperial Age
39:42 Pikeman
40:23 Squires
45:35 Halberdier
48:38 Gambesons
49:03 Scale Mail Armor
49:56 Forging
50:03 Chain Mail Armor
51:13 Iron Casting
50:32 Capped Ram
55:06 Ballistics
56:04 Onager
58:40 Blast Furnace
58:13 Plate Mail Armor
57:32 Arson
Pakabuoy
11:08 Feudal Age
15:19 Castle Age
13:34 Double-Bit Axe
14:04 Horse Collar
16:43 Bow Saw
16:40 Heavy Plow
18:51 Wheelbarrow
18:01 Loom
21:43 Scale Mail Armor
22:38 Forging
22:44 Chain Mail Armor
24:51 Iron Casting
24:31 Chain Mail Armor
25:21 Fletching
26:04 Chain Mail Armor
25:40 Fletching
25:56 Arson
26:11 Squires
26:08 Elite Skirmisher
27:15 Ballistics
27:29 Hand Cart
32:25 Imperial Age
29:51 Gold Mining
32:51 Gold Shaft Mining
32:29 Elite Shotel Warrior
33:06 Bodkin Arrow
34:16 Blast Furnace
33:46 Plate Mail Armor
33:59 Halberdier
34:43 Bodkin Arrow
34:49 Padded Archer Armor
36:23 Bracer
36:39 Leather Archer Armor
41:42 Ring Archer Armor
53:39 Scale Barding Armor
56:17 Royal Heirs
59:04 Chemistry
omkarpote22
7:19 Loom
12:10 Feudal Age
15:57 Castle Age
13:59 Horse Collar
14:40 Double-Bit Axe
17:13 Bow Saw
17:03 Heavy Plow
17:41 Wheelbarrow
24:38 Fletching
25:03 Town Watch
26:26 Scale Mail Armor
26:56 Forging
31:27 Imperial Age
29:27 Bodkin Arrow
29:33 Padded Archer Armor
30:23 Medical Corps
30:41 Hand Cart
31:26 Leather Archer Armor
31:42 Elite Elephant Archer
32:28 Thumb Ring
33:10 Town Patrol
33:15 Gold Mining
33:19 Stone Mining
38:13 Ballistics
38:08 Bracer
38:42 Conscription
42:33 Scale Barding Armor
43:03 Iron Casting
43:05 Ring Archer Armor
44:41 Elite Skirmisher
52:46 Scale Barding Armor
53:19 Iron Casting
53:50 Two-Man Saw
54:24 Chemistry
53:35 Masonry
53:23 Murder Holes
Connection lost

Rejoining the realm…

Still unreachable

The connection could not be restored.

Session expired

The server has moved on; the page needs a fresh start.